 Dungeon Crawl Stone Soup version 0.30.0-13-g156ef70053 (webtiles) character file.

Game seed: 12804971768745365914

8 browni3141 the Firebug (level 2, 19/19 HPs)
             Began as a Demonspawn Fire Elementalist on May 17, 2023.
             Got out of the dungeon alive.
             The game lasted 00:00:18 (502 turns).

browni3141 the Firebug (DsFE)                        Turns: 502, Time: 00:00:19

Health: 19/19      AC:  2    Str:  8    XL:     2   Next: 0%
Magic:  5/5        EV: 12    Int: 16    God:
Gold:   31         SH:  4    Dex: 13    Spells: 4/5 levels left

rFire   . . .        (no weapon)
rCold   . . .        (no shield)
rNeg    . . .        a - +0 robe
rPois   .            (no helmet)
rElec   .            (no cloak)
rCorr   .            (no gloves)
SInv    .            (no boots)
Will    .....        (no amulet)
Stlth   ++           (no ring)
HPRegen 0.23/turn    (no ring)
MPRegen 0.09/turn

%: no passive effects
@: no status effects
A: condensation shield
a: no special abilities


You escaped.
You visited 1 branch of the dungeon, and saw 1 of its levels.

You collected 31 gold pieces.

Inventory:

Hand Weapons
 p - a +0 vampiric war axe
Armour
 a - a +0 robe (worn)
Scrolls
 n - a scroll of enchant armour {unknown}
Potions
 m - a potion of magic
 o - a potion of heal wounds {unknown}


   Skills:
 + Level 1.9 Dodging
 + Level 2.0 Stealth
 + Level 2.1 Spellcasting
 + Level 1.2 Conjurations
 + Level 2.8 Fire Magic


You had 4 spell levels left.
You knew the following spells:

 Your Spells              Type           Power      Damage    Failure   Level
z - Foxfire               Conj/Fire      32%        2x1d5     9%          1

Your spell library contained the following spells:

 Spells                   Type           Power      Damage    Failure   Level
 Scorch                   Fire           20%        2d5       10%         2
 Inner Flame              Hex/Fire       6%         N/A       34%         3
 Volatile Blastmotes      Fire/Tloc      12%        2d11      34%         3
 Flame Wave               Conj/Fire      8%         2d5       65%         4


Dungeon Overview and Level Annotations

Branches:
Dungeon (1/15)

Altars:


Innate Abilities, Weirdness & Mutations

A meltable shield of frost defends you. (SH +4)


Message History

You now have 31 gold pieces (gained 12).
Found a stone staircase leading down.
A ball python comes into view.
A ball python is nearby!
You conjure some foxfire!
You miscast Foxfire.
You are very lightly contaminated with residual magic.
Nothing appears to happen.
The foxfire hits the ball python.
You kill the ball python!
You conjure some foxfire!
You are out of magic!
Your foxfire dissipates! x2
Your foxfire dissipates!
Your magical contamination has completely faded away.
A kobold comes into view. It is wielding a +0 dagger.
The kobold shouts!
A kobold is nearby!
A kobold is nearby!
A kobold is nearby!
You conjure some foxfire!
The foxfire hits the kobold.
You kill the kobold!
You conjure some foxfire!
Your foxfire dissipates!
Your foxfire dissipates!
A dart slug comes into view.
Found a faded altar of an unknown god.
A dart slug is nearby!
A dart slug is nearby!
A dart slug is nearby!
You conjure some foxfire!
Your foxfire passes through a web.
The foxfire hits the dart slug.
The dart slug is moderately wounded.
The dart slug evades a web.
You miscast Foxfire.
You are very lightly contaminated with residual magic.
Nothing appears to happen.
You conjure some foxfire!
You are out of magic!
A dart slug is nearby!
A dart slug is nearby!
The foxfire hits the dart slug.
The dart slug is heavily wounded.
The foxfire hits the dart slug but does no damage.
The dart slug is heavily wounded.
The dart slug launches a dart at you. The slug dart misses you.
You are out of magic!
You are out of magic!
You hit the dart slug.
The dart slug is heavily wounded.
The dart slug barely misses you.
You hit the dart slug.
The dart slug is severely wounded.
The dart slug misses you.
Your magical contamination has completely faded away.
You hit the dart slug but do no damage.
The dart slug is heavily wounded.
You hit the dart slug.
The dart slug is severely wounded.
The dart slug launches a dart at you. The slug dart misses you.
You hit the dart slug.
The dart slug is severely wounded.
The dart slug barely misses you.
You hit the dart slug.
You kill the dart slug!
You see here a dart slug corpse.
You are caught in the web!
There is a web here.
You disentangle yourself.
Found a stone staircase leading down.
There is a stone staircase leading down here.
p - a +0 vampiric war axe You see here a +0 rapier.
A bat comes into view.
A bat is nearby!
A bat is nearby!
A bat is nearby!
A bat is nearby!
You conjure some foxfire!
The bat hits you. The bat hits you but does no damage.
There is not enough space to conjure foxfire!
Your foxfire dissipates!
The foxfire hits the bat.
The bat is severely wounded.
The bat misses you.
You conjure some foxfire!
The bat hits you but does no damage.
You conjure some foxfire!
The foxfire hits the bat.
You kill the bat!
Your Stealth skill increases to level 2!
You have reached level 2!
Your demonic ancestry asserts itself...
Frost condenses into a shield before you.
HP restored.
Your foxfire dissipates!
You see here a +0 rapier.
There is a staircase leading out of the dungeon here.
Are you sure you want to leave the Dungeon?
This will make you lose the game!
You have escaped!

....#...#.##.................#
###...###.#...........######.#
##.## #....≈≈≈.≈≈≈..## #.#
##.# #...≈≈....♣≈≈..#####.####
#..# #..≈≈....8..≈≈...........
#.## #.≈≈.........≈≈.###......
#.# #.≈.....♣.....≈.###...###
#.# #.≈..8.....♣..≈.##.......
#.# #.≈≈....@.8..≈≈.##.######
#.# #..≈≈.......≈≈...#.# #.#
##..≈≈.♣...≈≈..#...# #.#
##..≈≈≈≈≈≈≈..####.# #.#
##.........## #.# #.#
###.##..### #.# #.# #....##
#.# #.# #.#### #.# #.#
######.# #.#


There were no monsters in sight!

Vanquished Creatures
  A dart slug (D:1)
  A ball python (D:1)
  A hobgoblin (D:1)
  2 bats (D:1)
  A frilled lizard (D:1)
  A kobold (D:1)
7 creatures vanquished.

Vanquished Creatures (others)
  21 foxfires (D:1)
21 creatures vanquished.

Grand Total: 28 creatures vanquished

Notes
Turn   | Place    | Note
-------+----------+-------------------------------------------
     0 | D:1      | browni3141 the Demonspawn Fire Elementalist began the quest
                  | for the Orb.
     0 | D:1      | Reached XP level 1. HP: 13/13 MP: 3/3
   327 | D:1      | Found a faded altar of an unknown god.
   413 | D:1      | Gained mutation: A meltable shield of frost defends you.
                  | (SH +4) [demonic ancestry]
   413 | D:1      | Reached XP level 2. HP: 18/19 MP: 0/5
   502 | D:$      | Got out of the dungeon alive.

Illustrated notes

Levels and vault maps discovered:
D:1:      moated_graveyard_arrival, layout_loops_ring,
          ebering_ecumenical_altar_webs

Skill      XL: |  1 |
---------------+----+-----
Stealth        | 2 |  2.0
Dodging        | |  1.9
Spellcasting   | |  2.1
Conjurations   | |  1.2
Fire Magic     | |  2.8

Action                     || total
---------------------------++-------
  Melee: Unarmed           ||     6
   Cast: Foxfire           ||    16
 Armour: Robe              ||     2
  Dodge: Dodged            ||     6
